 Dungeon Crawl Stone Soup version 0.26.1-11-gd32895ea62 (webtiles) character file.

Game seed: 135509260932506345

237 Zeld the Sneak (level 6, -2/39 HPs)
             Began as an Octopode Brigand on May 14, 2021.
             Killed from afar by Sigmund (9 damage)
             ... with a magic dart
             ... on level 2 of the Dungeon.
             The game lasted 00:05:24 (3296 turns).

Zeld the Sneak (Octopode Brigand)                   Turns: 3296, Time: 00:05:25

Health: -2/39      AC:  1    Str: 12    XL:     6   Next: 6%
Magic:  10/10      EV: 13    Int: 13    God:
Gold:   74         SH:  0    Dex: 14    Spells: 10/10 levels left

rFire    . . .     SeeInvis .   a - +2 dagger
rCold    . . .     Faith    .   (no shield)
rNeg     . . .     Spirit   .   (helmet restricted)
rPois    .         Reflect  .   (no amulet)
rElec    .         Harm     .   n - ring of resist corrosion
rCorr    +         Rampage  .   (no ring)
Will     .....                  (no ring)
Stlth    ++........             (no ring)
HPRegen  0.13/turn              (no ring)
MPRegen  0.12/turn              (no ring)
                                (no ring)
                                (no ring)

@: confused
A: almost no armour, stealthy swim, amphibious, 8 rings, constrict 8, camouflage
1, gelatinous body 1
a: no special abilities


You were on level 2 of the Dungeon.
You visited 1 branch of the dungeon, and saw 3 of its levels.
You also visited: Sewer.

You collected 74 gold pieces.

Inventory:

Hand Weapons
 a - a +2 dagger (weapon)
Missiles
 b - 23 poisoned darts (quivered)
 c - 2 curare-tipped darts
Jewellery
 n - a ring of resist corrosion (left tentacle)
Wands
 o - a wand of acid (9)
Scrolls
 e - a scroll of immolation {unknown}
 h - 3 scrolls of remove curse
 i - a scroll of blinking {unknown}
 j - a scroll of random uselessness {unknown}
 k - a scroll of identify {unknown}
 p - a scroll of fog {unknown}
Potions
 d - 2 potions of magic {unknown}
 f - 5 potions of curing {unknown}
 g - 2 potions of berserk rage {unknown}
 l - 2 potions of heal wounds {unknown}
 m - a potion of attraction {unknown}
 q - 2 potions of flight {unknown}
 r - a potion of might {unknown}


   Skills:
 - Level 2.0 Fighting
 - Level 3.7 Short Blades
 * Level 4.0 Throwing
 - Level 1.0 Dodging
 - Level 5.3 Stealth
 + Level 2.7 Spellcasting


You had 10 spell levels left.
You didn't know any spells.
Your spell library was empty.

Dungeon Overview and Level Annotations

Branches:
Dungeon (3/15)              Sewer (visited)

Altars:

Annotations:
D:2 Sigmund


Innate Abilities, Weirdness & Mutations

You cannot wear most types of armour.
You are very stealthy in the water. (Stealth+)
You are amphibious.
You can wear up to eight rings at the same time.
You can use your tentacles to constrict eight enemies at once.
Your skin changes colour to match your surroundings (Stealth+).
Your rubbery body absorbs attacks. (AC +1, EV +1)


Message History

Unknown command.
You release your grip on the gnoll.
Sigmund casts a spell at you. You resist with some effort.
You bump into the rock wall.
The gnoll completely misses you. Sigmund gestures at you while chanting.
The magic dart hits you! Sigmund gestures at you while chanting.
You are more confused.
The gnoll hits you with a +0 club!
You're too confused to move!
The gnoll barely misses you.
You're too confused to move!
Sigmund points at you and mumbles some strange words.
The puff of flame hits you!
* * * LOW HITPOINT WARNING * * *
The gnoll misses you.
You bump into the rock wall.
Sigmund gestures at you while chanting. The magic dart hits you!
You die...

...............########.#
.....(.......<............
..........................[ ##
..........####............. .#
#....#######.............. .#
#.......................... .#
#...........................
.#####.........###...............
...............g@................
.................................
.................###.............
.................................
............@....................
...................###.#.........
.......................#.........
.................##..#...........
.............######.......#####..


You could see Sigmund and a gnoll.

Vanquished Creatures
  A big kobold (Sewer)
  An orc wizard (D:3)
  A gnoll (D:2)
  4 adders
  A river rat (Sewer)
  A worm (D:2)
  A dart slug (D:1)
  2 leopard geckos
  3 orcs (D:3)
  A ball python (D:1)
  14 bats
  5 giant cockroaches
  7 goblins
  9 hobgoblins
  5 jackals
  2 frilled lizards
  15 kobolds
  7 rats
80 creatures vanquished.

Notes
Turn   | Place    | Note
-------+----------+-------------------------------------------
     0 | D:1      | Zeld the Octopode Brigand began the quest for the Orb.
     0 | D:1      | Reached XP level 1. HP: 14/14 MP: 1/1
    49 | D:1      | Reached XP level 2. HP: 12/19 MP: 2/2
   374 | D:1      | Reached skill level 1 in Spellcasting
   543 | D:1      | You fall into a shaft and drop 1 floor!
   544 | D:2      | Noticed Sigmund
   575 | D:1      | Reached XP level 3. HP: 14/24 MP: 4/4
  1530 | D:2      | Reached XP level 4. HP: 29/29 MP: 6/6
  1606 | D:2      | You fall into a shaft and drop 1 floor!
  1878 | D:3      | Reached XP level 5. HP: 22/34 MP: 8/8
  1908 | D:3      | Found a glowing drain.
  1917 | Sewer    | Entered a sewer
  2447 | Sewer    | Noticed a big kobold
  2465 | Sewer    | Killed a big kobold
  2582 | Sewer    | Found a white marble altar of Elyvilon.
  3043 | D:2      | Reached XP level 6. HP: 26/39 MP: 10/10
  3296 | D:2      | Killed from afar by Sigmund

Illustrated notes

Levels and vault maps discovered:
D:1:      lightli_arrival_statuegarden, layout_basic, minmay_fountain_box
D:2:      layout_basic, nzn_overflow_gifts_of_might_and_magic,
          chequers_serial_rivers_micro_e, minmay_misc_feat_columns,
          minmay_pentomino_z2, uniq_sigmund
D:3:      minmay_bubble_buster, layout_rooms, portal_sewer_entry_a,
          minmay_misc_feat_encased

Skill      XL: |  1  2  3  4  5  6 |
---------------+-------------------+-----
Spellcasting   | 1 2 |  2.7
Short Blades   | 3 |  3.7
Throwing       | 3 4 |  4.0
Fighting       | |  2.0
Dodging        | |  1.0
Stealth        | |  5.3

Action                   |  1- 3 |  4- 6 || total
-------------------------+-------+-------++-------
Melee: Dagger            |    83 |    88 ||   171
       Constrict         |    20 |    29 ||    49
       Tentacles         |     7 |    19 ||    26
  Use: Scroll            |       |     1 ||     1
 Stab: Sleeping          |     7 |     5 ||    12
Armor: Skin              |     7 |    12 ||    19
Dodge: Dodged            |    61 |    65 ||   126
